 Dungeon Crawl Stone Soup version 0.20-a0-2-g2b0e13a (webtiles) character file.

30 Kaname the Stinger (level 3, 21/24 HPs)
             Began as a Demonspawn Venom Mage on Oct 29, 2016.
             Got out of the dungeon alive.
             The game lasted 00:02:59 (987 turns).

Kaname the Stinger (Demonspawn Venom Mage)           Turns: 987, Time: 00:02:59

Health: 21/24      AC:  2    Str:  6 (8)  XL:     3   Next: 3%
Magic:  6/6        EV: 12    Int: 16 (17) God:
Gold:   40         SH:  0    Dex: 13      Spells: 1 memorised, 5 levels left

rFire  . . .     SeeInvis .     d - +0 spear
rCold  . . .     Gourm    .     a - +0 robe
rNeg   . . .     Faith    .     (no shield)
rPois  .         Spirit   +     (no helmet)
rElec  .         Reflect  .     (no cloak)
rCorr  .         Harm     .     (no gloves)
MR     .....                    (no boots)
Stlth  ++........               (no amulet)
                                (no ring)
                                (no ring)

@: no status effects
A: magic shield, sanguine armour 1
a: no special abilities


You escaped.
You were not hungry.

You visited 1 branch of the dungeon, and saw 2 of its levels.

You collected 40 gold pieces.

Inventory:

Hand Weapons
 d - a +0 spear (weapon)
Armour
 a - a +0 robe (worn)
Scrolls
 g - a scroll of remove curse {unknown}
 h - 3 scrolls of amnesia {unknown}
 i - a scroll of identify {unknown}
Potions
 e - a potion of curing {unknown}
 f - a potion of agility {unknown}
Books
 b - a Young Poisoner's Handbook

   Spells                             Type                      Level
   a - Sting                          Conjuration/Poison           1
   b - Mephitic Cloud                 Conjuration/Poison/Air       3
   c - Olgreb's Toxic Radiance        Poison                       4
   d - Alistair's Intoxication        Transmutation/Poison         5
   e - Venom Bolt                     Conjuration/Poison           5
Comestibles
 c - a bread ration
 j - a meat ration
 k - a chunk of flesh


   Skills:
 - Level 1.7 Dodging
 - Level 1.7 Stealth
 - Level 2.0 Spellcasting
 + Level 2.7 Conjurations
 - Level 4.0 Poison Magic


You had 5 spell levels left.
You knew the following spells:

 Your Spells              Type           Power        Failure   Level  Hunger
a - Sting                 Conj/Pois      ##..         8%          1    #......


Dungeon Overview and Level Annotations

Branches:
Dungeon (2/15)

Altars:


Innate Abilities, Weirdness & Mutations

When hurt, damage is shared between your health and your magic reserves.
When seriously injured, your bleeding wounds create armour. (AC +0)


Message History

You closely miss the jackal. The jackal barely misses you.
You closely miss the jackal. The jackal misses you. The jackal bites you.
You closely miss the jackal. The jackal misses you.
You hit the jackal.
The jackal is heavily wounded.
The jackal completely misses you. The jackal barely misses you.
You hit the jackal but do no damage.
The jackal is heavily wounded.
The jackal misses you.
You hit the jackal.
You kill the jackal!
No target in view!
No target in view!
No target in view!
You now have 35 gold pieces (gained 11).
You now have 40 gold pieces (gained 5).
There is an open door here.
There is a staircase leading out of the dungeon here.
Are you sure you want to leave the Dungeon?
This will make you lose the game!
You have escaped!

.##..##..#.......+.รท...#####.....
.....##..#####...#####.# #####.
.#...............#####.# #.
.#......##.##.##.......# ##
.....##.##..#.......#..######
.....##.###...#####.........#
.....######..#.....#...#.####
...#.# ##..#.......#..#.# #..#.##
#..#....@....#...# ......#
##..#.......#..#.# #.##..#
##..#.....#..##.######## #.##..##
##..#####..###......... #......#
##.......## ########## .......#
######### #......# .......#
.......#


There were no monsters in sight!

Vanquished Creatures
  A dart slug (D:1)
  A leopard gecko (D:1)
  2 bats (D:1)
  2 hobgoblins
  6 jackals (D:1)
  5 kobolds (D:1)
  A frilled lizard (D:1)
  2 goblins (D:1)
  6 rats (D:1)
26 creatures vanquished.

Notes
Turn   | Place    | Note
-------+----------+-------------------------------------------
     0 | D:1      | Kaname the Demonspawn Venom Mage began the quest for the Orb.
     0 | D:1      | Reached XP level 1. HP: 13/13 MP: 3/3
    70 | D:1      | Reached skill level 1 in Conjurations
   208 | D:1      | Gained mutation: When hurt, damage is shared between your health and your magic reserves. [demonic ancestry]
   208 | D:1      | Reached XP level 2. HP: 15/19 MP: 3/5
   936 | D:1      | Gained mutation: When seriously injured, your bleeding wounds create armour. (AC +0) [demonic ancestry]
   936 | D:1      | Reached XP level 3. HP: 22/24 MP: 4/6
   987 | D:$      | Got out of the dungeon alive.

Vault maps used:
D:1:      scummos_arrival_hexagon
D:2:      minitemple, lemuel_crystal_altar, ecumenical_altar_2

Skill      XL: |  1  2 |
---------------+-------+-----
Conjurations   | 1 2 |  2.7
Dodging        | |  1.7
Stealth        | |  1.7
Spellcasting   | |  2.0
Poison Magic   | |  4.0

Action                   || total
-------------------------++-------
Melee: Unarmed           ||    28
       Spear             ||    53
 Cast: Sting             ||    23
  Use: Scroll            ||     2
       Potion            ||     2
 Stab: Sleeping          ||     2
  Eat: Chunk             ||     1
Armor: Robe              ||    13
Dodge: Dodged            ||    55
